 Dungeon Crawl Stone Soup version 0.22.0-49-gab54619674 (webtiles) character file.

39 Morbidden the Grave Robber (level 3, -1/16 HPs)
             Began as a Vine Stalker Necromancer on Sept 4, 2018.
             Slain by a jackal (2 damage)
             ... on level 2 of the Dungeon.
             The game lasted 00:03:54 (1529 turns).

Morbidden the Grave Robber (VSNe)                   Turns: 1529, Time: 00:03:55

Health: -1/16      AC:  3    Str: 10    XL:     3   Next: 45%
Magic:  0/8        EV: 12    Int: 16    God:
Gold:   61         SH:  0    Dex: 14    Spells: 3/7 levels left

rFire    . . .     SeeInvis .   (no weapon)
rCold    . . .     Gourm    .   (no shield)
rNeg     . . .     Faith    .   a - +0 robe
rPois    .         Spirit   +   (no helmet)
rElec    .         Reflect  .   i - +0 cloak
rCorr    .         Harm     .   (no gloves)
MR       .....                  (no boots)
Stlth    ++........             (no amulet)
HPRegen  0.05/turn              (no ring)
MPRegen  0.11/turn              (no ring)

@: very slightly contaminated
A: fangs 2, magic shield, antimagic bite, no potion heal 3, rot immunity
a: no special abilities


You were on level 2 of the Dungeon.
You were hungry.

You visited 1 branch of the dungeon, and saw 2 of its levels.

You collected 61 gold pieces.

Inventory:

Armour
 a - a +0 robe (worn)
 i - a +0 cloak (worn)
Wands
 h - a wand of clouds (3)
Scrolls
 d - a scroll of teleportation {unknown}
 e - a scroll of remove curse {unknown}
 j - a scroll of identify {unknown}
Potions
 b - a potion of curing
 f - a potion of ambrosia {unknown}
 g - a potion of lignification {unknown}
Comestibles
 c - 3 rations


   Skills:
 + Level 1.5 Dodging
 - Level 2.4 Stealth
 + Level 2.7 Spellcasting
 * Level 4.8 Necromancy


You had 3 spell levels left.
You knew the following spells:

 Your Spells              Type           Power        Failure   Level  Hunger
a - Pain                  Necr           ###.         2%          1    #......
b - Vampiric Draining     Necr           ###.......   8%          3    ###....

Your spell library contained the following spells:

 Spells                   Type           Power        Failure   Level  Hunger
 Animate Skeleton         Necr           N/A          2%          1    #......
 Regeneration             Chrm/Necr      ##........   22%         3    ###....
 Animate Dead             Necr           N/A          26%         4    #####..


Dungeon Overview and Level Annotations

Branches:
Dungeon (2/15)

Altars:


Innate Abilities, Weirdness & Mutations

You have extremely sharp teeth.
When hurt, damage is shared between your health and your magic reserves.
Your bite disrupts and absorbs the magic of your enemies.
Potions cannot restore your health.
You are immune to rotting.


Message History

Unknown command.
It was a potion of curing.
That felt strangely inert.
The jackal closely misses you.
The jackal bites you but does no damage.
The jackal closely misses you.
Okay, then.
Casting: Vampiric Draining (safe; 8% risk of failure)
Confirm with . or Enter, or press ? or * to list all spells.
Aiming: Pain (safe; 2% risk of failure)
Press: ? - help, Shift-Dir - straight line, f/p - jackal
Aim: a jackal (almost dead, chance to defeat MR: 87%)
The jackal writhes in agony!
You kill the jackal!
The jackal bites you but does no damage.
Unknown command.
The jackal bites you but does no damage.
The jackal closely misses you.
You are feeling hungry.
The jackal bites you.
You die...

....†..... ##. ......
######... #..#
####.)....##
#..###.....#.....
###.%##............
#^...#.............
.....#..#.............
..#####.#.............
. #..h@............
###..#.............
#..<......÷........
#.####.#.....#.....
#.#......#####.####
.%...##....# .# ....
....#.# ... ######.#
.. .#


You could see a jackal.

Vanquished Creatures
  An ooze (D:1)
  2 dart slugs (D:1)
  A giant cockroach (D:1)
  3 goblins (D:1)
  6 hobgoblins
  5 jackals
  A ball python (D:1)
  2 frilled lizards (D:1)
  2 kobolds (D:1)
  5 rats
28 creatures vanquished.

Notes
Turn   | Place    | Note
-------+----------+-------------------------------------------
     0 | D:1      | Morbidden the Vine Stalker Necromancer began the quest for
                  | the Orb.
     0 | D:1      | Reached XP level 1. HP: 9/9 MP: 4/4
   332 | D:1      | Reached XP level 2. HP: 12/13 MP: 3/6
  1045 | D:1      | Reached XP level 3. HP: 15/16 MP: 3/7
  1264 | D:1      | Learned a level 3 spell: Vampiric Draining
  1529 | D:2      | Slain by a jackal

Action                   || total
-------------------------++-------
Melee: Unarmed           ||    21
       Bite              ||     4
 Cast: Pain              ||    50
  Use: Potion            ||     1
 Stab: Sleeping          ||     1
  Eat: Chunk             ||     2
Armor: Robe              ||    12
Dodge: Dodged            ||    25
